 Dungeon Crawl Stone Soup version 0.28-a0-1206-g193881aaa2 (webtiles) character file.

Game seed: 654110081914497911

29271 kae the Zephyrmancer (level 13, -8/116 HPs)
             Began as a Pale Draconian Conjurer on Dec 19, 2021.
             Was an Elder of Vehumet.
             Mangled by a tyrant leech (25 damage)
             ... on level 6 of the Lair of Beasts on Dec 20, 2021.
             The game lasted 00:34:24 (25030 turns).

kae the Zephyrmancer (Pale Draconian Conjurer)     Turns: 25030, Time: 00:34:25

Health: -8/116     AC:  8    Str: 10    XL:     13   Next: 14%
Magic:  23/23      EV: 14    Int: 25    God:    Vehumet [****..]
Gold:   933        SH:  5    Dex:  9    Spells: 11/26 levels left

rFire   + . .      SeeInvis .   i - +0 whip (vorpal)
rCold   . . .      Faith    .   (no shield)
rNeg    + . .      Spirit   .   (armour unavailable)
rPois   +          Reflect  +   (helmet restricted)
rElec   +          Harm     .   (no cloak)
rCorr   .          Rampage  .   (no gloves)
Will    .....                   (no boots)
Stlth   ++........              m - amulet "Ymelovie" {Reflect rPois SH+5}
HPRegen 0.29/turn               a - ring "Monaxefu" {rElec rF+ rN+ Int+3 Dex-2}
MPRegen 0.18/turn               j - ring of flight

@: mighty, about to teleport, short of breath, flying, slowed, very slow
A: breathe steam, AC +8, unfitting armour, cold-blooded, steam resistance
a: Breathe Steam, Renounce Religion


You were on level 6 of the Lair of Beasts.
You worshipped Vehumet.
Vehumet was greatly pleased with you.
You visited 3 branches of the dungeon, and saw 17 of its levels.
You also visited: Ice Cave.

You collected 933 gold pieces.

Inventory:

Hand Weapons
 b - a +1 short sword
 i - a +0 vorpal whip (weapon)
Missiles
 g - a throwing net
Jewellery
 a - the ring "Monaxefu" (left hand) {rElec rF+ rN+ Int+3 Dex-2}
   (You acquired it on level 2 of the Dungeon)

   [ring of protection from fire]

   Int:       It affects your intelligence (+3).
   Dex:       It affects your dexterity (-2).
   rF:        It protects you from fire.
   rElec:     It insulates you from electricity.
   rN:        It protects you from negative energy.
 j - a ring of flight (right hand)
 m - an amulet "Ymelovie" (around neck) {Reflect rPois SH+5}
   (You acquired it on level 3 of the Lair of Beasts)

   [amulet of reflection]

   It reflects blocked missile attacks.
   rPois:     It protects you from poison.
   SH:        It affects your SH (+5).
 t - an amulet of regeneration
 z - a ring of see invisible
 B - a ring of fire
 D - a ring of ice
Wands
 o - a wand of acid (7)
 r - a wand of iceblast (19)
 w - a wand of flame (13)
Scrolls
 d - 9 scrolls of teleportation
 p - 3 scrolls of identify
 y - a scroll of enchant weapon
 G - a scroll of fear
Potions
 c - a potion of lignification
 e - a potion of attraction
 f - 3 potions of heal wounds
 h - 2 potions of curing
 k - 3 potions of might
 l - 3 potions of mutation
 n - a potion of flight
 q - 2 potions of cancellation
 s - a potion of resistance
 u - a potion of degeneration
 v - a potion of magic
 x - a potion of brilliance
 A - a potion of berserk rage
 C - a potion of ambrosia


   Skills:
 + Level 11.0 Fighting
 + Level 9.5 Dodging
 - Level 1.7 Stealth
 * Level 7.2 Spellcasting
 - Level 11.0 Conjurations
 - Level 13.5 Air Magic
 + Level 1.0 Evocations


You had 11 spell levels left.
You knew the following spells:

 Your Spells              Type           Power      Damage    Failure   Level
a - Magic Dart            Conj           100%       1d8       1%          1
b - Searing Ray           Conj           100%       2d8       1%          2
c - Dazzling Flash        Conj/Hex       72%        N/A       1%          3
d - Swiftness             Air            67%        N/A       1%          3
e - Shock                 Conj/Air       100%       1d9       1%          1
f - Irradiate             Conj/Tmut      18%        3d20      5%          5

Your spell library contained the following spells:

 Spells                   Type           Power      Damage    Failure   Level
 Sticky Flame             Conj/Fire      36%        2d6       1%          4
 Sandblast                Erth           18%        2d7       1%          1
 Poisonous Vapours        Pois/Air       84%        N/A       1%          2
 Stone Arrow              Conj/Erth      72%        3d11      1%          3
 Fulminant Prism          Conj/Hex       18%        3d11      1%          4
 Iskenderun's Mystic Bla  Conj/Tloc      36%        2d9       1%          4
 Animate Skeleton         Necr           18%        N/A       7%          1
 Pain                     Necr           36%        1d5       7%          1
 Sting                    Tmut/Pois      36%        1d4       7%          1
 Summon Small Mammal      Summ           36%        N/A       7%          1
 Passwall                 Tmut/Erth      7%         N/A       10%         2
 Sublimation of Blood     Necr           9%         N/A       10%         2
 Olgreb's Toxic Radiance  Pois           9%         N/A       17%         4
 Call Canine Familiar     Summ           9%         N/A       21%         3
 Summon Guardian Golem    Hex/Summ       9%         N/A       21%         3
 Vampiric Draining        Necr           9%         2d6       21%         3
 Lee's Rapid Deconstruct  Erth           4%         3d6*      41%         5
 Petrify                  Tmut/Erth      9%         N/A       54%         4
 Agony                    Necr           9%         N/A       88%         5
 Excruciating Wounds      Necr           4%         N/A       88%         5


Dungeon Overview and Level Annotations

Branches:
Dungeon (10/15)            Temple (1/1) D:5            Lair (6/6) D:9
 Shoals (0/4) Lair:2        Snake (0/4) Lair:3        Slime (0/5) Lair:5
    Orc (0/2) D:10          IceCv (visited)

Altars:
Ashenzari
Cheibriados
Dithmenos
Elyvilon
Fedhas
Gozag
Hepliaklqana
Kikubaaqudgha
Makhleb
Nemelex Xobeh
Okawaru
Qazlal
Ru
Sif Muna
Trog
Uskayaw
Vehumet
Wu Jian
Xom
Yredelemnul
Zin
The Shining One

Shops:
D:8 ::

Annotations:
D:7 1 runed translucent door, sigonnn's ghost, novice GrBe
D:10 Josephine
Lair:6 1 runed translucent door


Innate Abilities, Weirdness & Mutations

You can breathe blasts of scalding, opaque steam.
Your pale cyan-grey scales are hard. (AC +8)
You cannot fit into any form of body armour.
You are cold-blooded and may be slowed by cold attacks.
You are immune to the effects of steam.


Message History

You feel less wooden. The tyrant leech bites you!
* * * LOW HITPOINT WARNING * * *
The tyrant leech draws strength from your injuries!
You hear an angry hiss.
Aiming: Breathe Steam (1% risk of failure)
Press: ? - help, Shift-Dir - straight line, f - tyrant leech
Aim: a tyrant leech (severely wounded)
You exhale a blast of scalding steam.
The ball of steam hits the tyrant leech!
The tyrant leech is almost dead.
The ball of steam hits the hornet.
The hornet is lightly wounded.
The hornet is engulfed in a cloud of scalding steam.
The tyrant leech closely misses you.
The hornet is engulfed in a cloud of scalding steam.
A blink frog comes into view.
The tyrant leech is engulfed in a cloud of scalding steam.
You kill the tyrant leech!
Vehumet accepts your kill.
You feel your power returning.
Your Fighting skill increases to level 11!
Your Evocations skill increases to level 1!
You completely miss the hornet.
The hornet is heavily wounded.
The blink frog blinks!
The hornet stings you!
* * * LOW HITPOINT WARNING * * *
The hornet is engulfed in a cloud of scalding steam.
The blink frog blinks!
Unknown command.
You barely miss the tyrant leech.
The tyrant leech is engulfed in a cloud of scalding steam.
The tyrant leech bites you!
* * * LOW HITPOINT WARNING * * *
The tyrant leech draws strength from your injuries!
As you read the scroll of teleportation, it crumbles to dust.
You feel strangely unstable.
The tyrant leech is engulfed in a cloud of scalding steam.
The tyrant leech bites you!!
You die...

#.P....... #........#
##...#.### #
##.P#..## ##.
#..##.## ##.#.
#...### $ #.#.§
##..## $ .#..Py####
##..# $. ......§#@#
#...####$$ #.P.kyw##
###..8#+#
#.##.wywF### ###...##
###kF...### #.##†..#
#..#.....## ##....##
P....###....###....##
.....# ##........###
..#### #.##.P.### #
########


You could see 2 tyrant leeches, a torpor snail, 2 lindwurms, a blink frog and 2
hornets.

Vanquished Creatures
  Nessos (Lair:5)
  5 hydras
  A two-headed ogre (D:5)
  Pikel (D:4)
  4 elephants (Lair:5)
  3 black mambas
  A torpor snail (Lair:6)
  2 rime drakes (Lair:2)
  6 cane toads
  6 komodo dragons
  A polar bear (Lair:3)
  2 hornets
  A tyrant leech (Lair:6)
  A merfolk (D:9)
  5 dream sheep (Lair:5)
  8 blink frogs
  9 wyverns
  A shadow (D:10)
  28 yaks
  3 wraiths
  2 steam dragons
  5 basilisks
  3 vampire mosquitoes (D:10)
  A death yak simulacrum (Lair:2)
  14 water moccasins
  4 black bears
  6 orc warriors
  2 ice beasts (D:7)
  A sky beast (D:7)
  8 centaurs
  13 wolves
  2 ogres
  4 lemures
  A phantom (D:7)
  2 kobold brigands
  12 bullfrogs
  A scorpion (D:9)
  A wyvern zombie (D:9)
  A water moccasin zombie (D:7)
  A cane toad simulacrum (Lair:2)
  A wight (D:7)
  3 howler monkeys (D:9)
  6 electric eels
  3 jellies (Lair:5)
  2 hounds
  2 centaur zombies
  6 orc priests
  A centaur skeleton (D:7)
  A bullfrog skeleton (D:6)
  2 gnoll shamans
  Jessica (D:3)
  6 iguanas
  Natasha (thrice) (D:3)
  7 orc wizards
  2 killer bee zombies
  2 hound skeletons (D:4)
  A howler monkey zombie (D:6)
  Robin (D:3)
  8 gnolls
  4 adders
  A howler monkey skeleton (D:4)
  4 worms
  3 dart slugs
  25 orcs
  5 bats
  7 endoplasms
  5 giant cockroaches
  17 goblins
  4 hobgoblins
  7 jackals
  15 kobolds
  5 quokkas
  6 ball pythons
  A frilled lizard (D:1)
  5 rats
345 creatures vanquished.

Vanquished Creatures (others)
  A bush (Lair:6)
  57 fungi
  169 plants
227 creatures vanquished.

Grand Total: 572 creatures vanquished

Notes
Turn   | Place    | Note
-------+----------+-------------------------------------------
     0 | D:1      | kae the Draconian Conjurer began the quest for the Orb.
     0 | D:1      | Reached XP level 1. HP: 14/14 MP: 3/3
    16 | D:1      | Found a faded altar of an unknown god.
   262 | D:1      | Found Ropam's Antique Weapon Shop.
   378 | D:1      | Reached XP level 2. HP: 20/20 MP: 3/5
   749 | D:2      | Identified a scroll of acquirement
   749 | D:2      | Acquired the ring "Monaxefu" {rElec rF+ rN+ Int+3 Dex-2}
  1111 | D:2      | Learned a level 2 spell: Searing Ray
  1461 | D:2      | Reached XP level 3. HP: 26/26 MP: 3/6
  2151 | D:3      | Learned a level 3 spell: Dazzling Flash
  2205 | D:3      | Noticed Natasha
  2209 | D:3      | Killed Natasha
  2210 | D:3      | Reached skill level 5 in Conjurations
  2355 | D:3      | Reached XP level 4. HP: 33/33 MP: 6/8
  2432 | D:3      | Noticed Robin
  2519 | D:3      | Killed Robin
  2707 | D:3      | Noticed Natasha
  2709 | D:3      | Noticed Jessica
  2839 | D:3      | Killed Jessica
  2884 | D:3      | Killed Natasha
  2885 | D:3      | Reached XP level 5. HP: 38/38 MP: 2/9
  3617 | D:3      | Noticed Natasha
  3622 | D:3      | Killed Natasha
  3880 | D:4      | Noticed a lemure
  3880 | D:4      | Noticed a lemure
  3880 | D:4      | Noticed a lemure
  4131 | D:4      | Noticed a lemure
  4475 | D:4      | Found a radiant altar of Vehumet.
  4738 | D:4      | Reached XP level 6. HP: 38/45 MP: 7/11
  5809 | D:4      | Your scales start taking on a pale cyan-grey colour.
  5809 | D:4      | Reached XP level 7. HP: 50/50 MP: 9/13
  5809 | D:4      | Gained mutation: You are immune to the effects of steam.
                  | [Pale Draconian growth]
  6030 | D:4      | Noticed Pikel
  6996 | D:5      | Entered Level 5 of the Dungeon
  7034 | D:5      | Noticed a two-headed ogre
  7220 | D:5      | Found a staircase to the Ecumenical Temple.
  7229 | Temple   | Entered the Ecumenical Temple
  7756 | D:5      | Reached skill level 5 in Spellcasting
  7989 | D:5      | Found a blossoming altar of Fedhas.
  8031 | D:5      | Reached XP level 8. HP: 57/57 MP: 11/15
  8314 | D:5      | Killed a two-headed ogre
  8499 | D:4      | Killed Pikel
  8500 | D:4      | Reached skill level 10 in Conjurations
  8500 | D:4      | Reached XP level 9. HP: 62/62 MP: 11/18
  8602 | D:4      | Became a worshipper of Vehumet
  8828 | D:6      | Learned a level 3 spell: Swiftness
  9673 | D:6      | Identified the +5 hunting sling of the Sea {venom, rPois
                  | SInv}
  9934 | D:7      | Found a bloodstained altar of Trog.
  9968 | D:7      | Reached skill level 1 in Fighting
 10289 | D:7      | Identified the +5 chain mail of Kikubaaqudgha's Regard
                  | {Dex+2}
 10452 | D:7      | Reached * piety under Vehumet
 10452 | D:7      | Offered knowledge of Shock by Vehumet.
 10821 | D:7      | Found a runed translucent door.
 10821 | D:7      | Noticed sigonnn's ghost (novice GrBe)
 10824 | D:7      | Learned a level 1 spell: Shock
 10935 | D:7      | Reached skill level 1 in Air Magic
 11085 | D:7      | Reached skill level 5 in Fighting
 11431 | D:8      | Found Vupeonae's Self-Improvement Boutique.
 11481 | D:8      | Found an ancient bone altar of Kikubaaqudgha.
 11659 | D:8      | Reached skill level 2 in Air Magic
 11659 | D:8      | Reached XP level 10. HP: 81/81 MP: 17/20
 11781 | D:8      | Found Ygutoiff's Book Shop.
 12413 | D:8      | Reached skill level 3 in Air Magic
 12483 | D:9      | Reached skill level 5 in Dodging
 12589 | D:9      | Found a glowing golden altar of the Shining One.
 12635 | D:9      | Found a shadowy altar of Dithmenos.
 12639 | D:9      | Paralysed by a hornet for 1 turns
 12644 | D:9      | Reached skill level 4 in Air Magic
 13578 | D:9      | Reached skill level 5 in Air Magic
 13585 | D:9      | Reached ** piety under Vehumet
 13585 | D:9      | Offered knowledge of Foxfire by Vehumet.
 13771 | D:9      | Found a staircase to the Lair.
 14299 | D:10     | Entered Level 10 of the Dungeon
 14357 | D:10     | Reached skill level 6 in Air Magic
 14479 | D:10     | Noticed Josephine
 14779 | D:10     | Found a staircase to the Orcish Mines.
 14820 | D:10     | Reached skill level 7 in Air Magic
 15253 | Lair:1   | Entered Level 1 of the Lair of Beasts
 15253 | Lair:1   | Noticed a four-headed hydra
 15253 | Lair:1   | Noticed a four-headed hydra
 15258 | Lair:1   | Noticed a six-headed hydra
 15365 | Lair:2   | Reached XP level 11. HP: 48/92 MP: 12/21
 15454 | Lair:2   | Found a frozen archway.
 15511 | IceCv    | Entered an ice cave
 15511 | IceCv    | Noticed a white ugly thing
 15788 | Lair:2   | Found a staircase to the Shoals.
 15806 | Lair:2   | Reached skill level 8 in Air Magic
 16301 | Lair:2   | Offered knowledge of Inner Flame by Vehumet.
 16712 | Lair:3   | Found a staircase to the Snake Pit.
 16854 | Lair:3   | Reached skill level 9 in Air Magic
 17260 | Lair:3   | Reached *** piety under Vehumet
 17600 | Lair:3   | Acquired an amulet "Ymelovie" {Reflect rPois SH+5}
 17658 | Lair:4   | Reached skill level 10 in Air Magic
 18077 | Lair:4   | Noticed a six-headed hydra
 18099 | Lair:4   | Killed a six-headed hydra
 18734 | Lair:4   | Reached XP level 12. HP: 104/104 MP: 22/22
 19258 | Lair:4   | Learned a level 5 spell: Irradiate
 19494 | Lair:5   | Reached skill level 11 in Air Magic
 19631 | Lair:5   | Offered knowledge of Airstrike by Vehumet.
 20179 | Lair:5   | Found a staircase to the Slime Pits.
 20645 | Lair:5   | Noticed a seven-headed hydra
 20646 | Lair:5   | Noticed Nessos
 20967 | Lair:1   | Killed a six-headed hydra
 21393 | Lair:1   | Reached skill level 12 in Air Magic
 21599 | Lair:1   | Killed a four-headed hydra
 21600 | Lair:1   | Reached skill level 10 in Fighting
 21760 | Lair:1   | Reached **** piety under Vehumet
 21864 | Lair:1   | Killed a four-headed hydra
 21954 | Lair:1   | Offered knowledge of Sticky Flame by Vehumet.
 22716 | Lair:2   | Upgraded the game from 0.28-a0-1199-gef9e1dbd39 to
                  | 0.28-a0-1206-g193881aaa2
 23189 | Lair:5   | Reached skill level 13 in Air Magic
 23340 | Lair:5   | Killed Nessos
 23744 | Lair:5   | Killed a seven-headed hydra
 23988 | Lair:6   | Entered Level 6 of the Lair of Beasts
 23998 | Lair:6   | Reached XP level 13. HP: 101/114 MP: 6/23
 24905 | Lair:6   | Found a runed translucent door.
 25028 | Lair:6   | Reached skill level 1 in Evocations
 25030 | Lair:6   | Mangled by a tyrant leech

Illustrated notes

Levels and vault maps discovered:
D:1:      minmay_arrival_cross, layout_basic, nicolae_ecumenical_snake_handling,
          serial_shops, nicolae_shop_hallway_plus, minmay_misc_feat_square
D:2:      kennysheep_six_static_rooms, layout_basic, hangedman_decor_growths,
          nicolae_concentric_dashed_squares_mild
D:3:      layout_rooms, uniq_jessica, uniq_natasha, uniq_robin
D:4:      minmay_inner_zag, layout_loops_ring,
          mainiacjoe_overflow_six_doors_small, serial_aquarium,
          aquarium_bridge_square [aquarium_subvault_window,
          aquarium_subvault_bridge, aquarium_subvault_window,
          aquarium_subvault_wall], aquarium_window_fake, aquarium_window_1,
          aquarium_window_corridor_2, aquarium_window_1, aquarium_view_2d,
          aquarium_pool_2, uniq_pikel
D:5:      layout_gridville, fedhas_bush_and_centaur_altar,
          minmay_temple_entry_large_hall, portal_sewer_entry_f,
          minmay_misc_feat_chi
D:6:      layout_basic
D:7:      nzn_winding_woodlands_small [nzn_winding_woodlands_5x15_sawtooth,
          nzn_winding_woodlands_center_lodge,
          nzn_winding_woodlands_5x15_river_crossing], layout_basic,
          old_standard_altar, hellmonk_ghost_happy_afterlife
D:8:      layout_loops_corners, old_standard_altar, serial_shops,
          nicolae_shop_statue_plus, nicolae_shop_self_help
D:9:      layout_rooms, grunt_temple_overflow_open,
          grunt_lair_entry_orc_guard_hut, st_stairs_4, hangedman_fish_farm
D:10:     layout_irregular_city, orc_0_dummy, uniq_josephine
Temple:   nicolae_temple_elliptical
Lair:1:   layout_chaotic_city, serial_bayou_lake_a
Lair:2:   layout_gridlike, minmay_shoals_entry_centaurs, serial_rivers,
          chequers_serial_rivers_small_b, chequers_serial_rivers_micro_d,
          chequers_serial_rivers_large_a, chequers_serial_rivers_marsh,
          portal_ice_cave_entry_ice_simulacra
Lair:3:   layout_chaotic_city, dummy_snake_entry,
          chequers_serial_rivers_micro_b, serial_bayou_pond_b
Lair:4:   layout_long_grid, grunt_megastairs_4
Lair:5:   layout_concentric_octagons, nicolae_slime_entry_slimehenge,
          wad_woods_river_03, serial_bayou_pond_a, uniq_nessos
Lair:6:   wormcave, layout_layer_cave, hangedman_lair_tendril_chambers,
          infiniplex_staircase_pool

Skill      XL: |  1  2  3  4  5  6  7  8  9 10 11 12 13 |
---------------+----------------------------------------+-----
Conjurations   | 5 6 7 8 10 11 | 11.0
Spellcasting   | 3 4 5 6 7 |  7.2
Fighting       | 5 7 9 10 11 | 11.0
Dodging        | 4 6 7 9 |  9.5
Air Magic      | 2 7 10 13 | 13.5
Evocations     | 1 |  1.0
Stealth        | |  1.7

Action                   |  1- 3 |  4- 6 |  7- 9 | 10-12 | 13-15 || total
-------------------------+-------+-------+-------+-------+-------++-------
Melee: Short sword       |    32 |    63 |    26 |       |       ||   121
       Tailslap          |     1 |     3 |     2 |     7 |     2 ||    15
       Whip              |       |       |       |    47 |    40 ||    87
 Cast: Magic Dart        |    51 |   120 |   178 |   266 |    76 ||   691
       Searing Ray       |     2 |     9 |    28 |   118 |     3 ||   160
       Dazzling Flash    |       |     1 |       |       |       ||     1
       Shock             |       |       |       |     1 |       ||     1
       Irradiate         |       |       |       |    24 |    12 ||    36
 Abil: Breathe Steam     |       |       |    22 |    89 |     3 ||   114
Evoke: Wand              |       |       |       |     3 |     4 ||     7
  Use: Scroll            |     5 |     5 |     5 |    19 |     1 ||    35
       Potion            |       |       |     1 |     2 |     2 ||     5
 Stab: Sleeping          |     1 |       |       |       |       ||     1
Armor: Skin              |    14 |    44 |    45 |   123 |    33 ||   259
Dodge: Dodged            |    35 |    42 |    83 |   217 |    38 ||   415
Block: Other             |       |       |       |    43 |    19 ||    62
       Reflection        |       |       |       |     3 |       ||     3

Table legend: (Time is in decaauts)
 A = Elapsed time spent in this place.
 B = Non-inter-level travel time spent in this place.
 C = Inter-level travel time spent in this place.
 D = Time resting spent in this place.
 E = Time spent auto-exploring this place.
 F = Levels seen in this place.
 G = Mean time per level.
                   A        B        C        D        E       F      G
               +--------+--------+--------+--------+--------+-----+--------+
         Total |  25121 |  24033 |   1088 |   4677 |  16150 |  18 | 1395.6 |
       Dungeon |  15147 |  14419 |    728 |   2118 |  10496 |  10 | 1514.7 |
        Temple |    154 |    125 |     29 |      0 |    111 |   1 |  154.0 |
          Lair |   9812 |   9482 |    330 |   2559 |   5543 |   6 | 1635.3 |
      Ice Cave |      6 |      6 |      0 |      0 |      0 |   1 |    6.0 |
               +--------+--------+--------+--------+--------+-----+--------+

Top non-repeatable levels by time:
     D:4: 2946 daAuts
  Lair:5: 2864 daAuts
     D:3: 2132 daAuts
  Lair:4: 2013 daAuts
  Lair:1: 1875 daAuts
     D:8: 1585 daAuts
     D:9: 1546 daAuts
     D:7: 1527 daAuts
     D:2: 1440 daAuts
  Lair:2: 1425 daAuts
     D:5: 1281 daAuts
     D:6: 1082 daAuts
  Lair:3: 950 daAuts
    D:10: 858 daAuts
     D:1: 746 daAuts
